 Dungeon Crawl Stone Soup version 0.28.0-53-g5a82cb258f (webtiles) character file.

Game seed: 9562360937622446654

36790 DocClef the Nimble (level 13, -1/117 HPs)
             Began as a Green Draconian Fighter on June 14, 2022.
             Was a High Priest of Okawaru.
             Slain by a catoblepas (5 damage)
             ... while petrified by a catoblepas
             ... on level 5 of the Lair of Beasts.
             The game lasted 00:29:56 (24639 turns).

DocClef the Nimble (Green Draconian Fighter)       Turns: 24639, Time: 00:29:56

Health: -1/117     AC: 11    Str: 25    XL:     13   Next: 54%
Magic:  13/14      EV:  2    Int: 15    God:    Okawaru [*****.]
Gold:   1084       SH:  0    Dex: 17    Spells: 12/12 levels left

rFire   . . .      SeeInvis .   s - +3 whip (elec)
rCold   . . .      Faith    .   N - +5 kite shield of the Okapi {Int+4 Dex+2}
rNeg    + + +      Spirit   .   (armour unavailable)
rPois   ∞          Reflect  .   (helmet restricted)
rElec   .          Harm     .   q - +1 cloak
rCorr   .          Rampage  .   j - +0 pair of gloves
Will    +....                   (no boots)
Stlth   ++++++....              (no amulet)
HPRegen 0.29/turn               f - +6 ring of strength
MPRegen 0.14/turn               l - ring of willpower

@: petrified, heroic
A: breathe noxious fumes, AC +8, unfitting armour, poison resistance,
cold-blooded, clever 1
a: Breathe Noxious Fumes, Renounce Religion, Heroism, Finesse, Duel


You were on level 5 of the Lair of Beasts.
You worshipped Okawaru.
Okawaru was extremely pleased with you.
You visited 3 branches of the dungeon, and saw 17 of its levels.
You also visited: Bailey.

You collected 1084 gold pieces.

Inventory:

Hand Weapons
 s - a +3 whip of electrocution (weapon)
 H - a +2 vampiric battleaxe
Missiles
 d - 11 boomerangs (quivered)
 B - a throwing net
Armour
 j - a +0 pair of gloves (worn)
 o - a +1 buckler of protection
 q - a +1 cloak (worn)
 N - the +5 kite shield of the Okapi (worn) {Int+4 Dex+2}
   (Okawaru gifted it to you on level 1 of the Lair of Beasts)

   Int:       It affects your intelligence (+4).
   Dex:       It affects your dexterity (+2).
Jewellery
 f - a +6 ring of strength (left hand)
 l - a ring of willpower (right hand)
 p - a ring of ice
 y - a ring of see invisible
 C - a ring of protection from cold
 I - a +6 ring of dexterity
 J - a ring of resist corrosion
 M - a ring of flight
 P - a ring of fire
Wands
 k - a wand of digging (3)
 r - a wand of iceblast (6)
 x - a wand of polymorph (24)
 z - a wand of flame (34)
 D - a wand of mindburst (12)
 K - a wand of paralysis (4)
 L - a wand of acid (7)
Scrolls
 a - a scroll of enchant armour
 b - 2 scrolls of holy word
 e - 5 scrolls of vulnerability
 h - 13 scrolls of identify
 i - 4 scrolls of teleportation
 m - a scroll of magic mapping
 A - a scroll of blinking
 R - a scroll of brand weapon
Potions
 c - 4 potions of might
 g - a potion of curing
 n - 3 potions of magic
 t - 4 potions of lignification
 u - 4 potions of heal wounds
 v - 2 potions of berserk rage
 w - 2 potions of brilliance
 F - 2 potions of mutation


   Skills:
 + Level 11.7(16.7) Fighting
 - Level 3.1(8.1) Short Blades
 - Level 9.7(14.7) Maces & Flails
 + Level 0.1(5.1) Throwing
 + Level 12.1(17.1) Dodging
 - Level 10.6(15.6) Stealth
 + Level 9.7(14.7) Shields
 + Level 2.5 Invocations
 + Level 0.2 Evocations


You had 12 spell levels left.
You didn't know any spells.
Your spell library contained the following spells:

 Spells                   Type           Power      Damage    Failure   Level
 Sublimation of Blood     Necr           0%         N/A       58%         2
 Frozen Ramparts          Ice            0%         1d2       82%         3
 Ozocubu's Armour         Ice            0%         N/A       82%         3
 Anguish                  Hex/Necr       0%         N/A       99%         4
 Ice Form                 Ice/Tmut       0%         N/A       99%         4
 Leda's Liquefaction      Hex/Erth       0%         N/A       99%         4
 Petrify                  Tmut/Erth      0%         N/A       99%         4
 Fireball                 Conj/Fire      0%         3d3       100%        5
 Irradiate                Conj/Tmut      0%         3d13      100%        5
 Lee's Rapid Deconstruct  Erth           0%         3d5*      100%        5
 Metabolic Englaciation   Hex/Ice        0%         N/A       100%        5
 Conjure Ball Lightning   Conj/Air       0%         3x3d6     100%        6
 Starburst                Conj/Fire      0%         6d3       100%        6
 Statue Form              Tmut/Erth      0%         N/A       100%        6
 Enfeeble                 Hex            0%         N/A       100%        7
 Discord                  Hex            0%         N/A       100%        8
 Disjunction              Tloc           0%         N/A       100%        8
 Ignition                 Fire           0%         3d3       100%        8
 Tukima's Dance           Hex            Unusable   N/A       N/A         3
 Summon Ice Beast         Ice/Summ       Unusable   N/A       N/A         4
 Simulacrum               Ice/Necr       Unusable   N/A       N/A         6

Dungeon Overview and Level Annotations

Branches:
Dungeon (11/15)            Temple (1/1) D:7            Lair (5/6) D:11
  Swamp (0/4) Lair:2        Snake (0/4) Lair:2          Orc (0/2) D:11
 Bailey (visited)
  Slime: Lair:5-6

Altars:
Ashenzari
Cheibriados
Dithmenos
Elyvilon
Fedhas
Gozag
Hepliaklqana
Kikubaaqudgha
Makhleb
Nemelex Xobeh
Okawaru
Qazlal
Ru
Sif Muna
Trog
Uskayaw
Vehumet
Wu Jian
Xom
Yredelemnul
Zin
The Shining One

Shops:
D:1 :

Annotations:
D:8 1 runed translucent door, KittyFluff's ghost, novice GrBe


Innate Abilities, Weirdness & Mutations

You can breathe blasts of noxious fumes.
Your lurid green scales are hard. (AC +8)
You cannot fit into any form of body armour.
Your system is resistant to poisons. (rPois)
You are cold-blooded and may be slowed by cold attacks.
Your mind is acute. (Int +2)


Message History

You block the catoblepas's attack.
You hit the catoblepas but do no damage.
The catoblepas is moderately wounded.
The catoblepas breathes a plume of calcifying dust at you.
The blast of calcifying dust hits you but does no damage.
You barely miss the catoblepas.
You tail-slap the catoblepas, but do no damage.
The catoblepas is moderately wounded.
You hit the catoblepas but do no damage.
The catoblepas is moderately wounded.
You block the catoblepas's attack.
You hit the catoblepas.
The catoblepas is moderately wounded.
You block the catoblepas's attack.
You hit the catoblepas but do no damage.
The catoblepas is moderately wounded.
The catoblepas misses you.
You gain the combat prowess of a mighty hero.
The catoblepas breathes a plume of calcifying dust at you.
The blast of calcifying dust hits you.
You hit the catoblepas.
The catoblepas is moderately wounded.
You are engulfed in calcifying dust.
You are slowing down.
The catoblepas gores you!
* * * LOW HITPOINT WARNING * * *
Your limbs are stiffening.
Unknown command.
You hit the catoblepas.
The catoblepas is heavily wounded.
You block the catoblepas's attack.
You have turned to stone.
The catoblepas gores you but does no damage.
The catoblepas gores you!!
* * * LOW HITPOINT WARNING * * *
The catoblepas gores you!!
* * * LOW HITPOINT WARNING * * *
The catoblepas gores you!
* * * LOW HITPOINT WARNING * * *
The catoblepas gores you!
You die...

#...#..#................## #
...P.##.......#....#....# #
......#......##........#.# #
..................##...##.. #
.......#..........##....... .
.......#......#.###....##.
...P.#....................#
............[...<......P..#
.......[........@..........
...........(....Y..........
..............###.#........ ..
..............#...###...... ..
...P.##.......+............ .
..#.............§.....#.## ...
###...##..........⌠...### ..P###
.#...###....#..........#####....#
......##.....#..##......##.......


You could see a catoblepas.

Vanquished Creatures
  A catoblepas (Lair:2)
  8 hydras
  2 vault guards (Bailey)
  A boulder beetle (D:9)
  3 two-headed ogres
  Sonja (D:10)
  A lindwurm (Lair:3)
  A manticore (D:11)
  4 black mambas
  9 cane toads
  Psyche (D:10)
  10 komodo dragons
  2 trolls
  3 polar bears
  4 hornets
  A slime creature (D:7)
  5 dream sheep
  10 blink frogs
  Prince Ribbit (Bailey)
  A meliai zombie (D:11)
  A water elemental (D:11)
  Sigmund (D:6)
  22 yaks
  3 wraiths
  3 humans (Bailey)
  2 wyverns
  Grum (Lair:1)
  A basilisk (Lair:4)
  A steam dragon (Lair:5)
  2 nagas (Lair:2)
  An acid dragon (D:11)
  13 water moccasins
  A sky beast (D:5)
  2 black bears
  An ice beast (D:5)
  4 orc warriors
  A necrophage (D:4)
  2 ogres (D:5)
  A boggart (D:11)
  12 wolves
  4 centaurs (D:9)
  4 kobold brigands
  24 bullfrogs
  A gnoll sergeant (D:9)
  3 scorpions
  A water moccasin skeleton (D:5)
  11 killer bees
  11 wights
  9 electric eels
  3 howler monkeys
  8 orc priests
  7 centaur zombies
  2 hounds
  8 jellies
  A gnoll shaman (D:9)
  2 centaur skeletons
  An iguana (D:6)
  8 orc wizards
  3 howler monkey zombies
  9 gnolls
  10 adders
  A white imp (D:6)
  2 dart slugs (D:2)
  40 orcs
  3 ball pythons
  23 endoplasms
  6 giant cockroaches
  16 goblins
  8 hobgoblins
  2 jackals (D:1)
  21 kobolds
  4 quokkas
  5 bats
  6 frilled lizards
  3 rats
414 creatures vanquished.

Vanquished Creatures (others)
  23 fungi
  46 plants
69 creatures vanquished.

Grand Total: 483 creatures vanquished

Notes
Turn   | Place    | Note
-------+----------+-------------------------------------------
     0 | D:1      | DocClef the Draconian Fighter began the quest for the Orb.
     0 | D:1      | Reached XP level 1. HP: 19/19 MP: 1/1
   365 | D:1      | Found Dierpha's Book Boutique.
   466 | D:1      | Reached XP level 2. HP: 26/26 MP: 2/2
   978 | D:2      | Reached skill level 3 in Dodging
   993 | D:2      | Reached XP level 3. HP: 27/33 MP: 3/3
  1738 | D:3      | Reached XP level 4. HP: 40/40 MP: 4/4
  2499 | D:3      | Reached skill level 1 in Stealth
  2499 | D:3      | Reached XP level 5. HP: 12/46 MP: 5/5
  2849 | D:4      | Reached skill level 1 in Maces & Flails
  3199 | D:4      | Noticed a necrophage
  3206 | D:4      | Killed a necrophage
  3207 | D:4      | Reached skill level 4 in Dodging
  3207 | D:4      | Reached XP level 6. HP: 48/53 MP: 6/6
  3864 | D:4      | Your scales start taking on a lurid green colour.
  3864 | D:4      | Reached XP level 7. HP: 31/60 MP: 7/7
  3864 | D:4      | Gained mutation: Your system is resistant to poisons.
                  | (rPois) [Green Draconian growth]
  4278 | D:5      | Entered Level 5 of the Dungeon
  4715 | D:5      | Reached skill level 5 in Fighting
  4715 | D:5      | Reached skill level 5 in Dodging
  4836 | D:5      | Reached XP level 8. HP: 33/68 MP: 8/8
  5029 | D:5      | Reached skill level 5 in Maces & Flails
  5388 | D:5      | Found a bloodstained altar of Trog.
  5544 | D:5      | Found a white marble altar of Elyvilon.
  5731 | D:6      | Noticed Sigmund
  5749 | D:6      | Killed Sigmund
  5750 | D:6      | Reached skill level 5 in Shields
  6084 | D:6      | Reached skill level 6 in Dodging
  6084 | D:6      | Reached XP level 9. HP: 53/75 MP: 9/9
  6911 | D:7      | Found a staircase to the Ecumenical Temple.
  6920 | Temple   | Entered the Ecumenical Temple
  7076 | Temple   | Became a worshipper of Warmaster Okawaru
  7107 | D:7      | Found a flagged portal.
  7128 | Bailey   | Entered a bailey
  7506 | Bailey   | Reached * piety under Okawaru
  7651 | Bailey   | Noticed a vault guard
  7651 | Bailey   | Noticed Prince Ribbit
  7659 | Bailey   | Killed Prince Ribbit
  7694 | Bailey   | Killed a vault guard
  7694 | Bailey   | Reached ** piety under Okawaru
  7695 | Bailey   | Reached XP level 10. HP: 21/86 MP: 10/10
  8009 | Bailey   | Noticed a vault guard
  8048 | Bailey   | Killed a vault guard
  8049 | Bailey   | Reached skill level 7 in Dodging
  8049 | Bailey   | Reached skill level 5 in Stealth
  8409 | D:7      | Found a shimmering blue altar of Sif Muna.
  9591 | D:8      | Reached *** piety under Okawaru
  9596 | D:8      | Found a runed translucent door.
  9603 | D:8      | Noticed KittyFluff's ghost (novice GrBe)
 10129 | D:8      | Noticed a two-headed ogre
 10141 | D:8      | Killed a two-headed ogre
 10363 | D:8      | Found a burning altar of Makhleb.
 10870 | D:9      | Reached skill level 8 in Dodging
 10890 | D:9      | Noticed a two-headed ogre
 10901 | D:9      | Killed a two-headed ogre
 10901 | D:9      | Reached **** piety under Okawaru
 11031 | D:9      | Reached XP level 11. HP: 87/94 MP: 11/11
 11158 | D:9      | Noticed a two-headed ogre
 11170 | D:9      | Killed a two-headed ogre
 11777 | D:9      | Noticed a boulder beetle
 11822 | D:9      | Reached ***** piety under Okawaru
 11837 | D:9      | Killed a boulder beetle
 12538 | D:10     | Entered Level 10 of the Dungeon
 12646 | D:10     | Noticed Psyche
 12656 | D:10     | Killed Psyche
 13370 | D:10     | Noticed Sonja
 13388 | D:10     | Killed Sonja
 13389 | D:10     | Reached skill level 9 in Dodging
 13788 | D:11     | Noticed a white ugly thing
 13800 | D:11     | Reached skill level 1 in Invocations
 15291 | D:11     | Found a staircase to the Lair.
 15571 | Lair:1   | Entered Level 1 of the Lair of Beasts
 15618 | Lair:1   | Reached XP level 12. HP: 106/106 MP: 12/12
 15639 | Lair:1   | Reached skill level 10 in Fighting
 15859 | Lair:1   | Noticed a seven-headed hydra
 15872 | Lair:1   | Killed a seven-headed hydra
 15873 | Lair:1   | Reached skill level 10 in Dodging
 15875 | Lair:1   | Reached ****** piety under Okawaru
 16140 | Lair:1   | Identified the +5 kite shield of the Okapi {Int+4 Dex+2}
                  | (Okawaru gifted it to you on level 1 of the Lair of Beasts)
 16140 | Lair:1   | Received a gift from Okawaru
 16225 | Lair:1   | Noticed Grum
 16244 | Lair:1   | Killed Grum
 16245 | Lair:1   | Reached skill level 10 in Stealth
 17016 | Lair:2   | Found a staircase to the Swamp.
 17144 | Lair:2   | Found a staircase to the Snake Pit.
 17319 | Lair:2   | Noticed a seven-headed hydra
 17331 | Lair:2   | Killed a seven-headed hydra
 19960 | Lair:3   | Reached skill level 11 in Dodging
 20193 | Lair:3   | Noticed a catoblepas
 20229 | Lair:2   | Killed a catoblepas
 20586 | Lair:3   | Reached XP level 13. HP: 116/116 MP: 14/14
 21075 | Lair:3   | Gained mutation: You are clumsy. (Dex -2) [potion of
                  | mutation]
 21627 | Lair:4   | Received a gift from Okawaru
 22300 | Lair:4   | Lost mutation: You are clumsy. (Dex -2) [potion of
                  | mutation]
 22300 | Lair:4   | Gained mutation: Your mind is acute. (Int +2) [potion of
                  | mutation]
 24195 | Lair:5   | Reached skill level 12 in Dodging
 24638 | Lair:5   | HP: 4/117 [catoblepas (8)]
 24639 | Lair:5   | Slain by a catoblepas

Illustrated notes

Levels and vault maps discovered:
D:1:      minmay_arrival_loop, layout_loops_corners, serial_shops,
          shop_fountains
D:2:      minmay_chambers_of_twos, layout_rooms, minmay_tromino_mix6
D:3:      layout_basic, minmay_fractal_squares_5
D:4:      layout_cave_pools, serial_forest, infiniplex_forest_lined_3_way,
          infiniplex_forest_straight_4, infiniplex_forest_clump_large,
          infiniplex_forest_end_2, infiniplex_forest_clump_large,
          infiniplex_forest_clump_cross, infiniplex_forest_lined_room_,
          infiniplex_forest_lined_3, kennysheep_generic_room_9
D:5:      kennysheep_spiral_hall, layout_cave_pools, trog_hazing_becter,
          mainiacjoe_overflow_surrounded_room
D:6:      layout_basic, uniq_sigmund
D:7:      lemuel_slime, layout_loops_ring, nicolae_overflow_crystal_walls,
          minmay_temple_entry_sparse_star, enter_bailey_5
D:8:      layout_loops_corners, mainiacjoe_overflow_cross_hatched,
          hellmonk_ghost_big_iron, water_boxes_lemuel
D:9:      layout_roguey, kennysheep_kite_vault
D:10:     layout_loops_ring, minmay_holes, uniq_psyche, uniq_sonja
D:11:     layout_loops_corners, lair_entry_dummy, erik_orc_2,
          portal_ice_cave_entry_pillars_2, hangedman_abyss_or_decor_slice
Temple:   mainiacjoe_temple_coin_purse
Lair:1:   layout_misc_corridors, uniq_grum
Lair:2:   layout_cave_pods, swamp_mist, guppyfry_snake_entry_garden,
          serial_bayou, serial_bayou_shore_a, serial_bayou_crossing,
          serial_bayou_ford_a, serial_bayou_lake_a
Lair:3:   layout_chaotic_city, chequers_serial_rivers_micro_a,
          grunt_megastairs_2, infiniplex_staircase_pool
Lair:4:   layout_gridlike
Lair:5:   layout_regular_city, grunt_megastairs_3

Skill      XL: |  1  2  3  4  5  6  7  8  9 10 11 12 13 |
---------------+----------------------------------------+-----
Dodging        | 3 4 5 6 8 9 11 12 | 12.1
Short Blades   | 3 |  3.1
Fighting       | 4 5 6 7 8 9 11 | 11.7
Stealth        | 1 2 3 4 6 9 10 | 10.6
Maces & Flails | 1 2 4 6 8 9 |  9.7
Shields        | 4 5 6 8 9 |  9.7
Invocations    | 1 2 |  2.5
Throwing       | |  0.1
Evocations     | |  0.2

Action                   |  1- 3 |  4- 6 |  7- 9 | 10-12 | 13-15 || total
-------------------------+-------+-------+-------+-------+-------++-------
Melee: Rapier            |   117 |    22 |       |       |       ||   139
       Tailslap          |     8 |    11 |    45 |   170 |    84 ||   318
       Whip              |       |    94 |   341 |   933 |   308 ||  1676
Throw: Throwing net      |       |       |       |       |     1 ||     1
       Boomerang         |       |       |       |       |     1 ||     1
Invok: Heroism           |       |       |       |     8 |     6 ||    14
       Finesse           |       |       |       |       |     1 ||     1
 Abil: Breathe Noxious F |       |       |     3 |    16 |       ||    19
Evoke: Wand              |       |       |       |     1 |       ||     1
  Use: Potion            |       |     3 |       |     1 |     8 ||    12
       Scroll            |       |       |     9 |     7 |       ||    16
 Stab: Sleeping          |       |       |     4 |    34 |     7 ||    45
       Confused          |       |       |     5 |    17 |       ||    22
       Distracted        |       |       |       |     1 |     1 ||     2
       Petrified         |       |       |       |     3 |     3 ||     6
Armor: Skin              |    52 |    49 |    99 |   157 |    75 ||   432
Dodge: Dodged            |    92 |    90 |   196 |   390 |   148 ||   916
Block: Buckler           |    29 |    32 |    70 |   134 |       ||   265
       Kite shield       |       |       |       |   175 |   246 ||   421
